 Dungeon Crawl Stone Soup version 0.21.1-1-g345015fe64 (webtiles) character file.

716 Oravi the Insei (level 7, -6/48 HPs)
             Began as a Merfolk Transmuter on May 22, 2018.
             Mangled by Duvessa
             ... wielding a +0 rapier
              (10 damage)
             ... on level 5 of the Dungeon.
             The game lasted 00:08:11 (3685 turns).

Oravi the Insei (Merfolk Transmuter)                Turns: 3685, Time: 00:08:11

Health: -6/48      AC:  2    Str: 11    XL:     7   Next: 69%
Magic:  9/10       EV: 24    Int: 14    God:
Gold:   165        SH:  0    Dex: 19    Spells: 5/10 levels left

rFire    . . .     SeeInvis .     - Unarmed
rCold    . . .     Gourm    .   (shield currently unavailable)
rNeg     . . .     Faith    .   (armour currently unavailable)
rPois    x         Spirit   .   (helmet currently unavailable)
rElec    .         Reflect  .   (cloak currently unavailable)
rCorr    .         Harm     .   (gloves currently unavailable)
MR       .....                  (boots currently unavailable)
Stlth    ++........             (no amulet)
HPRegen  0.16/turn              (no ring)
MPRegen  0.12/turn              (no ring)

@: spider-form
A: tiny, (change form in water), (swift swim), (stealthy swim)
a: End Transformation


You were on level 5 of the Dungeon.
You were very hungry.
You were a venomous arachnid creature.
You visited 1 branch of the dungeon, and saw 5 of its levels.

You collected 165 gold pieces.

Inventory:

Missiles
 a - 30 arrows
Armour
 b - a +0 robe (melded)
 j - a +1 cloak (melded)
 o - a +0 pair of gloves (melded)
Magical Staves
 r - an uncursed staff of poison (melded)
Wands
 m - a wand of digging (20)
Scrolls
 e - 2 scrolls of remove curse
 i - a scroll of teleportation
 p - a scroll of fog
 q - a scroll of amnesia
Potions
 g - a potion of heal wounds
 k - 2 potions of might {unknown}
 l - a potion of agility {unknown}
 n - 2 potions of curing
 s - a potion of cancellation
 t - a potion of flight {unknown}
 u - a potion of lignification
Books
 c - a book of Changes

   Spells                             Type                      Level
   a - Beastly Appendage              Transmutation                1
   b - Sticks to Snakes               Transmutation                2
   c - Spider Form                    Transmutation/Poison         3
   d - Ice Form                       Ice/Transmutation            4
   e - Blade Hands                    Transmutation                5
Comestibles
 d - 6 rations


   Skills:
 - Level 1.1 Fighting
 + Level 5.5 Dodging
 * Level 7.1 Unarmed Combat
 - Level 2.0 Spellcasting
 - Level 6.3 Transmutations


You had 5 spell levels left.
You knew the following spells:

 Your Spells              Type           Power        Failure   Level  Hunger
a - Spider Form           Tmut/Pois      ##........   38%         3    ####...
b - Sticks to Snakes      Tmut           ###.....     10%         2    ###....


Dungeon Overview and Level Annotations

Branches:
Dungeon (5/15)             Temple (0/1) D:4

Altars:
Gozag
Nemelex Xobeh
Qazlal
Xom

Annotations:
D:4 Gargoyl's ghost, amateur CeAK
D:5 Duvessa


Message History

You hit Dowan but do no damage.
Dowan is lightly wounded.
Dowan completely misses you.
You bite Dowan!
Dowan looks as sick as possible!
Dowan is heavily wounded.
Dowan misses you.
You bite Dowan!
You kill Dowan!
Duvessa screams, "No!
How DARE you!"
Duvessa goes berserk!
Duvessa hits you with a rapier!
You are too injured to fight recklessly!
You are too injured to fight recklessly!
Duvessa misses you. Duvessa hits you with a rapier!
Duvessa completely misses you. Duvessa hits you with a rapier!
* * * LOW HITPOINT WARNING * * *
Duvessa barely misses you. Duvessa hits you with a rapier!
You die...

#################
#........[.......
#................
#...............?
#................
######e...........)...
#....s##'##......###+#
#.....+...#......#
#.....#...#......#
############.....#...#......#
.................#...#......#
.................#...#......#
.................#...#......#
................>#...#......+
.(...............#
.##......##+##


You could see Duvessa (berserk).

Vanquished Creatures
  Prince Ribbit (D:5)
  Dowan (D:5)
  A water moccasin skeleton (D:4)
  3 orc priests (D:4)
  4 orc wizards
  An iguana (D:5)
  Terence (D:3)
  A worker ant (D:4)
  5 adders
  A worm (D:3)
  4 dart slugs
  2 leopard geckos
  18 orcs
  12 giant cockroaches
  2 goblins
  6 hobgoblins
  8 jackals
  2 quokkas (D:4)
  A ball python (D:2)
  9 bats
  4 frilled lizards
  4 kobolds
  6 rats
97 creatures vanquished.

Notes
Turn   | Place    | Note
-------+----------+-------------------------------------------
     0 | D:1      | Oravi the Merfolk Transmuter began the quest for the Orb.
     0 | D:1      | Reached XP level 1. HP: 15/15 MP: 3/3
   122 | D:1      | Reached XP level 2. HP: 4/21 MP: 3/5
   958 | D:1      | Reached XP level 3. HP: 26/26 MP: 4/6
   962 | D:1      | Learned a level 2 spell: Sticks to Snakes
   966 | D:1      | Learned a level 3 spell: Spider Form
  1410 | D:2      | Found an opulent altar of Gozag.
  1632 | D:2      | Reached XP level 4. HP: 28/32 MP: 0/7
  1642 | D:2      | Reached skill level 5 in Transmutations
  1966 | D:3      | Noticed Terence
  1976 | D:3      | Killed Terence
  1976 | D:3      | Reached XP level 5. HP: 33/37 MP: 4/8
  2099 | D:3      | Reached skill level 4 in Unarmed Combat
  2744 | D:4      | Reached skill level 5 in Unarmed Combat
  2744 | D:4      | Reached XP level 6. HP: 34/43 MP: 1/9
  2782 | D:4      | Found a stormy altar of Qazlal.
  3173 | D:4      | Noticed Gargoyl's ghost (amateur CeAK)
  3256 | D:4      | Found a sparkling altar of Nemelex Xobeh.
  3289 | D:4      | Reached skill level 6 in Unarmed Combat
  3289 | D:4      | Reached XP level 7. HP: 48/48 MP: 6/10
  3354 | D:4      | Found a staircase to the Ecumenical Temple.
  3374 | D:4      | Found a shimmering altar of Xom.
  3603 | D:5      | Entered Level 5 of the Dungeon
  3610 | D:5      | Noticed Prince Ribbit
  3622 | D:5      | Killed Prince Ribbit
  3622 | D:5      | Reached skill level 5 in Dodging
  3636 | D:5      | Reached skill level 7 in Unarmed Combat
  3664 | D:5      | Noticed Dowan
  3666 | D:5      | Noticed Duvessa
  3673 | D:5      | Killed Dowan
  3685 | D:5      | Mangled by Duvessa

Skill      XL: |  1  2  3  4  5  6  7 |
---------------+----------------------+-----
Transmutations | 3 4 6 |  6.3
Unarmed Combat | 5 6 7 |  7.1
Dodging        | 3 4 5 |  5.5
Fighting       | |  1.1
Spellcasting   | |  2.0

Action                   |  1- 3 |  4- 6 |  7- 9 || total
-------------------------+-------+-------+-------++-------
Melee: Unarmed           |    72 |   165 |    15 ||   252
       Headbutt          |     8 |       |       ||     8
       Punch             |     1 |       |       ||     1
       Staff             |       |     2 |       ||     2
 Cast: Beastly Appendage |     8 |       |       ||     8
       Spider Form       |     6 |    25 |     4 ||    35
  Use: Scroll            |       |    11 |     1 ||    12
       Potion            |       |     2 |       ||     2
 Stab: Sleeping          |     2 |     2 |       ||     4
  Eat: Chunk             |     3 |     9 |     1 ||    13
Armor: Robe              |     9 |     3 |       ||    12
       Skin              |     1 |    10 |     1 ||    12
Dodge: Dodged            |    59 |   138 |    10 ||   207
